 Dungeon Crawl Stone Soup version 0.22-b1-21-g5cfc1688f2 (webtiles) character file.

98 MrSplat the Bolt Thrower (level 4, 0/35 HPs)
             Began as a Barachi Hunter on Aug 6, 2018.
             Slain by an orc priest
             ... wielding a +1 trident of piercing
              (1 damage)
             ... on level 3 of the Dungeon.
             The game lasted 00:17:48 (2076 turns).

MrSplat the Bolt Thrower (Barachi Hunter)           Turns: 2076, Time: 00:17:49

Health: 0/35       AC:  8    Str: 14    XL:     4   Next: 71%
Magic:  4/4        EV:  7    Int: 11    God:
Gold:   131        SH:  0    Dex: 13    Spells: 3/3 levels left

rFire    . . .     SeeInvis .   a - +1 hand crossbow
rCold    + . .     Gourm    .   (no shield)
rNeg     . . .     Faith    .   j - +0 chain mail {rC+}
rPois    .         Spirit   .   (no helmet)
rElec    .         Reflect  .   (no cloak)
rCorr    .         Harm     .   (no gloves)
MR       .....                  (no boots)
Stlth    ..........             (no amulet)
HPRegen  0.11/turn              h - ring of stealth
MPRegen  0.09/turn              (no ring)

@: lethally poisoned (0 -> -1), slow
A: +LOS, swims, slowness 1, strong legs 1
a: Hop


You were on level 3 of the Dungeon.
You were not hungry.

You visited 1 branch of the dungeon, and saw 3 of its levels.

You collected 131 gold pieces.


Innate Abilities, Weirdness & Mutations

Shadows flee at your approach. (+LOS)
You can swim through water.
You cover ground slowly.
You can hop short distances.


   Skills:
 - Level 3.1 Fighting
 + Level 5.3 Crossbows
 - Level 3.0 Dodging
 - Level 1.0 Stealth


You had 3 spell levels left.
You didn't know any spells.
Your spell library was empty.

Inventory:

Hand Weapons
 a - a +1 hand crossbow (weapon)
 b - a +0 short sword
Missiles
 d - 41 bolts (quivered)
Armour
 j - a +0 chain mail of cold resistance (worn)
   (You found it on level 1 of the Dungeon)
 r - a +0 helmet
   (You found it on level 2 of the Dungeon)
Jewellery
 h - a ring of stealth (left hand)
   (You found it on level 2 of the Dungeon)
Scrolls
 k - 3 scrolls of remove curse {unknown}
 m - 3 scrolls of fog {unknown}
 n - 2 scrolls of teleportation {unknown}
 o - 2 scrolls of identify {unknown}
 p - a scroll of amnesia {unknown}
 q - a scroll of enchant weapon {unknown}
Potions
 l - a potion of cancellation {unknown}
 s - a potion of curing {unknown}
Comestibles
 f - 4 rations {@e1}
 t - 6 chunks of flesh

Dungeon Overview and Level Annotations

Branches:
Dungeon (3/15)

Altars:
Fedhas
Trog
Xom

#.#......o..#########.......# #
#.#....##...#.o...............###
.................................
#.#........#####.####.##...<.####
# #.....#..# ##.## #.###...##
##...##.)###.## #.# ##..#####
##.###...#..# #.# #....... #.#
#..#.#o######.# #.######
#......###()@..##.# #.# ....##..#
#.###.##.# #.# ###
#......###.##.# ##.######
#..#.####...#.# #.).[.... #.?#.
#..#.).###..###### #..#
....###..#.....##
#..#......#.(##.#....#
#.###....(.....#..# #
#.######.###..##


You could see an orc priest.


Message History

You feel sick.
The orc priest hits you but does no damage. x2
You take 1 damage, and have 26/29 hp.
Firing (i - inventory)
d - 53 bolts (quivered)
Press: ? - help, Shift-Dir - straight line, f - goblin
Aim: a goblin You shoot a bolt.
The bolt barely misses the orc priest.
The bolt closely misses the goblin.
The orc priest hits you with a whip.
You take 1 damage, and have 25/29 hp.
Firing (i - inventory)
d - 52 bolts (quivered)
Press: ? - help, Shift-Dir - straight line, f - orc priest, p - goblin
Aim: an orc priest, wielding a hand axe You shoot a bolt.
The bolt completely misses the orc priest.
The bolt hits the orc priest!
The orc priest is almost dead.
You feel sick.
The orc priest hits you but does no damage.
You take 1 damage, and have 24/29 hp.
Firing (i - inventory)
d - 51 bolts (quivered)
Press: ? - help, Shift-Dir - straight line, f/p - orc priest
Aim: an orc priest, wielding a hand axe (almost dead)
You shoot a bolt.
The bolt hits the orc priest but does no damage.
The orc priest is moderately wounded.
The orc priest begins to cast a cantrip, but forgets the words!
The orc priest hits you with a whip.
You take 4 damage, and have 20/29 hp.
Firing (i - inventory)
d - 50 bolts (quivered)
Press: ? - help, Shift-Dir - straight line, f/p - orc priest
Aim: an orc priest, wielding a hand axe (almost dead)
You shoot a bolt. The bolt hits the orc priest!
The orc priest is severely wounded.
You feel sick. The orc priest hits you with a whip.
The orc priest calls upon Beogh to heal the orc priest.
The orc priest is healed somewhat.
The orc priest mumbles some strange prayers to Beogh against you.
Pain shoots through your body!
* * * LOW HITPOINT WARNING * * *
You take 11 damage, and have 9/29 hp.
MASSIVE DAMAGE!!
Firing (i - inventory)
d - 49 bolts (quivered)
Press: ? - help, Shift-Dir - straight line, f - orc priest, p - orc priest
Aim: an orc priest, wielding a trident of piercing You shoot a bolt.
The bolt hits the orc priest!
You kill the orc priest!
Your Crossbows skill increases to level 5!
You have reached level 4!
You feel agile.
You regained 2 hp, and now have 11/35 hp.
MP restored: 4 Firing (i - inventory)
d - 48 bolts (quivered)
Press: ? - help, Shift-Dir - straight line, f - orc priest
Aim: an orc priest, wielding a hand axe (heavily wounded)
You shoot a bolt. The bolt hits the goblin!
You kill the goblin!
Firing (i - inventory)
d - 47 bolts (quivered)
Press: ? - help, Shift-Dir - straight line, f - orc priest, p - orc priest
Aim: an orc priest, wielding a trident of piercing You shoot a bolt.
The bolt hits the orc priest!
You kill the orc priest!
You feel sick.
The orc priest hits you but does no damage.
Firing (i - inventory)
d - 46 bolts (quivered)
Press: ? - help, Shift-Dir - straight line, f/p - orc priest
Aim: an orc priest, wielding a trident of piercing You shoot a bolt.
The bolt barely misses the orc priest.
You are ready to hop once more.
The orc priest looks braver for a moment.
Firing (i - inventory)
d - 45 bolts (quivered)
Press: ? - help, Shift-Dir - straight line, f/p - orc priest
Aim: an orc priest, wielding a trident of piercing You shoot a bolt.
The bolt hits the orc priest.
The orc priest is lightly wounded.
The orc priest calls down the wrath of Beogh upon you.
Pain shoots through your body!
* * * LOW HITPOINT WARNING * * *
You take 3 damage, and have 8/35 hp.
Firing (i - inventory)
d - 44 bolts (quivered)
Press: ? - help, Shift-Dir - straight line, f/p - orc priest
Aim: an orc priest, wielding a trident of piercing (lightly wounded)
You shoot a bolt. The bolt barely misses the orc priest.
You feel sick.
The orc priest hits you but does no damage.
The orc priest hits you from afar with a trident of piercing.
* * * LOW HITPOINT WARNING * * *
* * * LOW HITPOINT WARNING * * *
You take 5 damage, and have 3/35 hp.
Firing (i - inventory)
d - 43 bolts (quivered)
Press: ? - help, Shift-Dir - straight line, f/p - orc priest
Aim: an orc priest, wielding a trident of piercing You shoot a bolt.
The bolt hits the orc priest.
The orc priest is lightly wounded.
The orc priest hits you but does no damage.
Firing (i - inventory)
d - 42 bolts (quivered)
Press: ? - help, Shift-Dir - straight line, f/p - orc priest
Aim: an orc priest, wielding a trident of piercing (lightly wounded)
You shoot a bolt. The bolt hits the orc priest!
The orc priest is severely wounded.
The orc priest hits you from afar with a trident of piercing.
* * * LOW HITPOINT WARNING * * *
You die...

Skill      XL: |  1  2  3 |
---------------+----------+-----
Stealth        | 1 |  1.0
Fighting       | 3 |  3.1
Dodging        | 3 |  3.0
Crossbows      | 5 |  5.3

Action                   |  1- 3 |  4- 6 || total
-------------------------+-------+-------++-------
Melee: Short sword       |    41 |       ||    41
 Fire: Hand crossbow     |    45 |     7 ||    52
 Abil: Hop               |     3 |       ||     3
  Eat: Ration            |     1 |       ||     1
       Chunk             |     1 |       ||     1
Armor: Leather armour    |    12 |       ||    12
       Chain mail        |    12 |     3 ||    15
Dodge: Dodged            |    35 |       ||    35

Vault maps used:
D:1:      nagdon_arrival_double_spiral, roderic_roman_lattice, minmay_tall_x
D:2:      trog_book
D:3:      cheibrodos_helix_gallery, gammafunk_temple_overflow_statue,
          first_ration, st_stairs_11

Notes
Turn   | Place    | Note
-------+----------+-------------------------------------------
     0 | D:1      | MrSplat the Barachi Hunter began the quest for the Orb.
     0 | D:1      | Reached XP level 1. HP: 17/17 MP: 1/1
   183 | D:1      | Reached skill level 1 in Stealth
   564 | D:1      | Reached XP level 2. HP: 23/23 MP: 2/2
  1217 | D:2      | Reached skill level 3 in Fighting
  1217 | D:2      | Reached XP level 3. HP: 25/29 MP: 3/3
  1594 | D:2      | Found a bloodstained altar of Trog.
  1936 | D:3      | Found a blossoming altar of Fedhas.
  1937 | D:3      | Found a shimmering altar of Xom.
  2020 | D:3      | Reached skill level 3 in Dodging
  2069 | D:3      | Reached skill level 5 in Crossbows
  2069 | D:3      | Reached XP level 4. HP: 11/35 MP: 4/4
  2073 | D:3      | HP: 8/35 [orc priest/nerve-wracking pain (3)]
  2074 | D:3      | HP: 3/35 [orc priest/trident of piercing (1)]
  2076 | D:3      | HP: 1/35 [orc priest/trident of piercing (2)]
  2076 | D:3      | Slain by an orc priest

Vanquished Creatures
  2 orc priests (D:3)
  An adder (D:2)
  A worm (D:2)
  2 orcs (D:3)
  8 goblins
  2 hobgoblins (D:1)
  A quokka (D:2)
  A ball python (D:3)
  3 bats (D:1)
  3 kobolds
  2 rats
26 creatures vanquished.

Table legend:
 A = Turns spent in this place as a percentage of turns spent in the entire game.
 B = Non-inter-level travel turns spent in this place as a percentage of non-inter-level travel turns spent in the entire game.
 C = Inter-level travel turns spent in this place as a percentage of turns spent in this place.
 D = Turns resting spent in this place as a percentage of non-inter-level travel turns spent in this place.
 E = Turns spent auto-exploring this place as a percentage of non-inter-level travel turns spent in this place.
 F = Non-inter-level travel turns spent in this place divided by the number of levels of this place that you've seen.
                   A       B       C       D       E      F
               +-------+-------+-------+-------+-------+----------------------
         Total | 100.0 | 100.0 |   1.7 |  11.8 |  66.9 | 680.0
       Dungeon | 100.0 | 100.0 |   1.7 |  11.8 |  66.9 | 680.0
               +-------+-------+-------+-------+-------+----------------------

Table legend:
 A = Spawn XP
 B = Non-spawn XP
 C = Spawn XP percentage of total XP
 D = Spawn monster count
 E = Non-spawn monster count
 F = Spawn count percentage of total count
 G = Total turns spent on level
                    A         B        C        D         E        F      G
               +---------+---------+-------+---------+---------+-------+---------
         Total |       0 |     141 |   0.0 |       0 |      26 |   0.0 |  2076
               +---------+---------+-------+---------+---------+-------+---------
           D:1 |       0 |      18 |   0.0 |       0 |      11 |   0.0 |   991
           D:2 |       0 |      27 |   0.0 |       0 |       7 |   0.0 |   839
           D:3 |       0 |      96 |   0.0 |       0 |       8 |   0.0 |   246
               +---------+---------+-------+---------+---------+-------+---------
